 Dungeon Crawl Stone Soup version 0.30.1-4-g462c640d31 (webtiles) character file.

Game seed: 15565282601792396158

82 HagarQim the Stinger (level 4, -7/27 HPs)
             Began as an Octopode Venom Mage on Sept 6, 2023.
             Mangled by an iguana (11 damage)
             ... on level 4 of the Dungeon.
             The game lasted 00:07:43 (2410 turns).

HagarQim the Stinger (Octopode Venom Mage)          Turns: 2410, Time: 00:07:44

Health: -7/27      AC:  1    Str:  7    XL:     4   Next: 43%
Magic:  7/7        EV: 14    Int: 19    God:
Gold:   159        SH:  0    Dex: 18    Spells: 7/8 levels left

rFire   . . .        s - staff of conjuration
rCold   . . .        (no shield)
rNeg    . . .        (helmet restricted)
rPois   .            (no amulet)
rElec   .            m - +6 ring of dexterity
rCorr   .            (no ring)
SInv    .            (no ring)
Will    .....        (no ring)
Stlth   ++++         (no ring)
HPRegen 0.24/turn    (no ring)
MPRegen 0.10/turn    (no ring)
                     (no ring)

%: no passive effects
@: no status effects
A: almost no armour, amphibious, 8 rings, camouflage 1, gelatinous body 1,
(nimble swimmer 1), tentacles
a: no special abilities


You were on level 4 of the Dungeon.
You visited 1 branch of the dungeon, and saw 4 of its levels.

You collected 159 gold pieces.

Inventory:

Hand Weapons
 c - a +0 dagger
 e - a +0 sling
Magical Staves
 s - a staff of conjuration (weapon)
Jewellery
 m - a +6 ring of dexterity (left tentacle)
Scrolls
 b - a scroll of blinking
 f - a scroll of vulnerability {unknown}
 g - a scroll of immolation {unknown}
 h - 2 scrolls of poison {unknown}
 j - 2 scrolls of identify {unknown}
 k - a scroll of summoning {unknown}
 o - a scroll of teleportation {unknown}
 t - a scroll of silence {unknown}
Potions
 a - a potion of magic
 d - 3 potions of curing {unknown}
 i - a potion of attraction {unknown}
 l - 2 potions of heal wounds {unknown}
 n - a potion of degeneration {unknown}
 p - a potion of flight {unknown}
 q - a potion of brilliance {unknown}
 r - a potion of ambrosia {unknown}


   Skills:
 + Level 0.5 Fighting
 + Level 1.0 Short Blades
 + Level 0.6 Ranged Weapons
 + Level 2.3 Dodging
 + Level 3.4 Stealth
 + Level 2.5 Spellcasting
 * Level 0.1 Conjurations
 + Level 1.6 Transmutations
 * Level 0.1 Air Magic
 + Level 4.1 Poison Magic


You had 7 spell levels left.
You knew the following spells:

 Your Spells              Type           Power      Damage    Failure   Level
a - Sting                 Tmut/Pois      52%        1d5       4%          1

Your spell library contained the following spells:

 Spells                   Type           Power      Damage    Failure   Level
 Poisonous Vapours        Pois/Air       20%        N/A       10%         2
 Mephitic Cloud           Conj/Pois/Air  11%        N/A       26%         3
 Olgreb's Toxic Radiance  Pois           18%        N/A       28%         4
 Portal Projectile        Hex/Tloc       4%         N/A       43%         3
 Tukima's Dance           Hex            2%         N/A       43%         3
 Blade Hands              Tmut           4%         N/A       92%         5


Dungeon Overview and Level Annotations

Branches:
Dungeon (4/15)
 Temple: D:4-7

Altars:
Trog

Annotations:
D:3 Grinder


Innate Abilities, Weirdness & Mutations

You cannot wear most types of armour.
You are amphibious.
You can wear up to eight rings at the same time.
Your skin changes colour to match your surroundings (Stealth+).
Your rubbery body absorbs attacks. (AC +1, EV +1)
((You are camouflaged when in or above water. (Stealth+)))
You have tentacles for arms and can constrict up to eight enemies at once.


Message History

There is a stone staircase leading down here.
You can't see any susceptible monsters within range! (Use Z to cast anyway.)
You can't see any susceptible monsters within range! (Use Z to cast anyway.)
The sting hits the endoplasm.
The endoplasm is poisoned.
The endoplasm is lightly wounded.
The endoplasm quivers.
The sting hits the endoplasm.
The endoplasm partially resists.
The endoplasm is lightly wounded.
You barely miss the endoplasm. You squeeze the endoplasm.
You kill the endoplasm!
There is a stone staircase leading down here.
There is a stone staircase leading down here.
You climb downwards.
You hear the sound of rushing water.
There is an entrance to a sewer on this level.
Hurry and find it before the portal rusts away!
Found a stone staircase leading up.
There is a stone staircase leading up here.
Blink to where?
Press: ? - help, Dir - move target A kobold comes into view.
It is wielding a +0 dagger.
Found a plate armour and 2 gold pieces.
As you read the scroll labelled CEMONE DOPEO, it crumbles to dust.
It was a scroll of blinking.
The helpless iguana fails to defend itself.
You hit the iguana but do no damage. You grab the iguana.
You constrict the iguana. The iguana bites you!
You hit the iguana but do no damage. You squeeze the iguana!
The iguana is heavily wounded.
You constrict the iguana, but do no damage.
The iguana misses you.
You hit the iguana but do no damage.
The iguana is heavily wounded.
You constrict the iguana. The iguana bites you!
Ouch! That really hurt!
* * * LOW HITPOINT WARNING * * *
You hit the iguana but do no damage.
The iguana is severely wounded.
You constrict the iguana, but do no damage.
The iguana bites you!
You die...

#....... ......
######....### #
#...........####
$.#.....#.........
..........<.#
..#....#..#.###
.........<.....
.......@## .....
[.....l.# .....#
..#...... .....#
#..#.... .....#
#...#.#.K......#
.... .. .##. ...
.. .# .. ... ..#
.. ..


You could see an iguana and a kobold (asleep).

Vanquished Creatures
  2 adders (D:2)
  9 ball pythons
  5 endoplasms
  4 giant cockroaches
  5 goblins
  5 hobgoblins
  3 jackals
  7 quokkas
  5 bats
  2 frilled lizards (D:1)
  6 kobolds
  4 rats
57 creatures vanquished.

Notes
Turn   | Place    | Note
-------+----------+-------------------------------------------
     0 | D:1      | HagarQim the Octopode Venom Mage began the quest for the
                  | Orb.
     0 | D:1      | Reached XP level 1. HP: 11/11 MP: 3/3
   184 | D:1      | Found a faded altar of an unknown god.
   271 | D:1      | Reached XP level 2. HP: 4/17 MP: 1/5
   436 | D:1      | Reached skill level 4 in Poison Magic
   808 | D:1      | Reached XP level 3. HP: 21/21 MP: 6/6
  1590 | D:2      | Reached XP level 4. HP: 25/27 MP: 7/7
  1592 | D:2      | Found a bloodstained altar of Trog.
  1990 | D:2      | Reached skill level 1 in Short Blades
  2330 | D:3      | Noticed Grinder
  2410 | D:4      | Mangled by an iguana

Illustrated notes

Levels and vault maps discovered:
D:1:      tarquinn_simple_flora_water_a, layout_basic, basic_ecumenical_altar,
          minmay_surrounded
D:2:      layout_loops_ring, basic_altar
D:3:      layout_basic, mainiacjoe_overflow_paths, amcnicky_altar_gilded,
          serial_glass, glass_columns_c, glass_columns_c, uniq_grinder,
          uniq_natasha
D:4:      layout_rooms, nicolae_overflow_crystal_walls, portal_sewer_entry_b,
          ebering_ghost_disaster_area, minivault_27

Skill      XL: |  1  2  3  4 |
---------------+-------------+-----
Poison Magic   | 4 |  4.1
Stealth        | 3 |  3.4
Short Blades   | 1 |  1.0
Fighting       | |  0.5
Ranged Weapons | |  0.6
Dodging        | |  2.3
Spellcasting   | |  2.5
Conjurations   | |  0.1
Transmutations | |  1.6
Air Magic      | |  0.1

Action                     |  1- 3 |  4- 6 || total
---------------------------+-------+-------++-------
  Melee: Dagger            |    61 |     1 ||    62
         Unarmed           |     3 |       ||     3
         Constrict         |    15 |     4 ||    19
         Tentacles         |    12 |     7 ||    19
         Staff             |       |    18 ||    18
   Fire: Sling             |    11 |       ||    11
   Cast: Sting             |    21 |    18 ||    39
    Use: Scroll            |       |     1 ||     1
   Stab: Sleeping          |    10 |     2 ||    12
 Armour: Skin              |     4 |       ||     4
  Dodge: Dodged            |    48 |    12 ||    60
